 Dungeon Crawl Stone Soup version 0.31-a0-819-gf6de2f5ab6 (webtiles) character file.

Game seed: 3384326321313698708

76 qw the Shooter (level 4, 0/28 HPs)
             Began as a Gargoyle Hunter on Sept 23, 2023.
             Constricted to death by Ijyb (5 damage)
             ... on level 3 of the Dungeon.
             The game lasted 00:00:34 (1790 turns).

qw the Shooter (Gargoyle Hunter)                    Turns: 1790, Time: 00:00:35

Health: 0/28       AC:  6    Str: 14    XL:     4   Next: 32%
Magic:  4/4        EV:  8    Int: 10    God:
Gold:   105        SH:  0    Dex: 15    Spells: 3/3 levels left

rFire   . . .        Y - +2 shortbow
rCold   + . .        (shield currently unavailable)
rNeg    + . .        c - +0 leather armour
rPois   inf          (no helmet)
rElec   +            (no cloak)
rCorr   .            (no gloves)
SInv    .            (no boots)
Will    .....        (no amulet)
Stlth   ++           i - ring of protection from cold
HPRegen 0.24/turn    (no ring)
MPRegen 0.09/turn

%: no passive effects
@: about to teleport, grasped by roots, constricted
A: sickness immunity, AC +3, negative energy resistance 1, electricity
resistance, torment resistance 1, petrification resistance
a: no special abilities


You were on level 3 of the Dungeon.
You visited 1 branch of the dungeon, and saw 3 of its levels.

You collected 105 gold pieces.


Innate Abilities, Weirdness & Mutations

You are immune to sickness and miasma.
Your stone body is resilient. (AC +3)
You are immune to poison.
You resist negative energy. (rN+)
You are resistant to electric shocks. (rElec)
You are resistant to unholy torment.
You are immune to petrification.


   Skills:
 - Level 3.0 Fighting
 + Level 5.3 Ranged Weapons
 - Level 1.5 Dodging
 - Level 1.1 Stealth


You had 3 spell levels left.
You didn't know any spells.
Your spell library was empty.

Inventory:

Hand Weapons
 Y - a +2 shortbow (weapon)
Armour
 b - a +0 ring mail
 c - a +0 leather armour (worn)
 g - a +0 pair of gloves
Jewellery
 i - a ring of protection from cold (left hand)
Scrolls
 d - a scroll of identify
 k - a scroll of fear {unknown}
 l - a scroll of immolation {unknown}
Potions
 e - a potion of enlightenment {unknown}
 f - a potion of heal wounds {unknown}
 h - a potion of mutation {unknown}
 j - a potion of brilliance {unknown}

Dungeon Overview and Level Annotations

Branches:
Dungeon (3/15)

Altars:
Ru

Annotations:
D:3 Ijyb


Message History

The hobgoblin shouts!
The arrow hits the hobgoblin.
The hobgoblin is almost dead.
You shoot an arrow. The arrow closely misses the hobgoblin.
You shoot an arrow. The arrow hits the hobgoblin.
You kill the hobgoblin!
l - a scroll labelled KASYON SOULISS
Found a sacrificial altar of Ru.
You now have 105 gold pieces (gained 9).
Found a scroll of noise.
Ijyb the Twisted Goblin comes into view.
She is wielding a +0 dagger and carrying a wand of roots.
You shoot an arrow. The arrow closely misses Ijyb.
Ijyb shouts!
You shoot an arrow. The arrow closely misses Ijyb.
You shoot an arrow. The arrow hits Ijyb but does no damage.
Ijyb zaps a wand.
The roots erupt in riotous growth!
The grasping roots grab you! The grasping roots constrict you.
You hear a shout!
You shoot an arrow. The arrow barely misses Ijyb.
The grasping roots constrict you.
You shoot an arrow. The arrow hits Ijyb!
Ijyb is heavily wounded.
The grasping roots constrict you.
You shoot an arrow. The arrow hits Ijyb.
Ijyb is heavily wounded.
The grasping roots constrict you!
Ijyb screams, "It's all mine!"
Ijyb hits you with a +0 dagger. The grasping roots constrict you.
You shoot an arrow. The arrow hits Ijyb.
Ijyb is heavily wounded.
Ijyb hits you with a +0 dagger. The grasping roots constrict you.
The grasping roots release their grip on you.
1790 ||| READING scroll of teleportation.
As you read the scroll of teleportation, it crumbles to dust.
You feel strangely unstable.
Ijyb zaps a wand.
The roots erupt in riotous growth!
The grasping roots grab you!
Ijyb is unaffected.
The grasping roots constrict you.
You die...

.....).#### #...
....#...### #...[..####
.#........####..$.......
........................
...####.................
##.. #.....#...........
# ##..#.#...........
#....%...........
.#...#....@g......
#.....##...........
....................
####.####.####<..... ..
#.# ...... ... ...
#?.... ##. #.... ##.#.
...... .. ~~~.._..


You could see Ijyb.

Vanquished Creatures
  2 adders (D:2)
  A dart slug (D:1)
  4 orcs (D:3)
  A ball python (D:3)
  3 bats
  7 endoplasms
  2 giant cockroaches (D:2)
  3 goblins
  7 hobgoblins
  3 jackals (D:1)
  2 quokkas
  6 kobolds
  5 rats
46 creatures vanquished.

Notes
Turn   | Place    | Note
-------+----------+-------------------------------------------
     0 | D:1      | qw the Gargoyle Hunter began the quest for the Orb.
     0 | D:1      | Reached XP level 1. HP: 12/12 MP: 1/1
     0 | D:1      | 0 ||| qw: Version: 0.3-a-83-gcd0e7d8
     0 | D:1      | 0 ||| qw: Game counter: 1560
     0 | D:1      | 0 ||| qw: Melee chars always use a shield: true
     0 | D:1      | 0 ||| qw: God list: Okawaru
     0 | D:1      | 0 ||| qw: Allow faded altars: false
     0 | D:1      | 0 ||| qw: Do Orc after clearing Dungeon:15 true
     0 | D:1      | 0 ||| qw: Do second Lair branch before Depths: true
     0 | D:1      | 0 ||| qw: Lair rune preference: random
     0 | D:1      | 0 ||| qw: Goals: Normal
     0 | D:1      | 0 ||| PLANNING D:1-11
   171 | D:1      | Reached XP level 2. HP: 17/17 MP: 2/2
   876 | D:1      | 876 ||| READING 2 scrolls labelled CIAPTA FECA.
   880 | D:1      | 880 ||| READING scroll labelled OSSUIQ TOFYLI.
   981 | D:1      | 981 ||| READING scroll labelled BIUPPUWILLEL.
   982 | D:1      | 982 ||| READING scroll labelled UWAPTU ZULEHUGRUP.
   983 | D:1      | 983 ||| DROPPING scroll of butterflies.
  1024 | D:2      | 1024 ||| READING scroll of enchant weapon.
  1024 | D:2      | 1024 ||| ENCHANTING +1 shortbow.
  1107 | D:2      | Reached XP level 3. HP: 21/21 MP: 3/3
  1149 | D:2      | Reached skill level 5 in Ranged Weapons
  1436 | D:2      | Reached skill level 3 in Fighting
  1436 | D:2      | Reached XP level 4. HP: 28/28 MP: 4/4
  1578 | D:2      | 1578 ||| DROPPING scarf of harm.
  1579 | D:2      | 1579 ||| UPGRADING to ring of protection from cold.
  1580 | D:2      | 1580 ||| READING scroll labelled LEXKUE DATITTUKA.
  1581 | D:2      | 1581 ||| READING 2 scrolls labelled BIASHA QONO.
  1582 | D:2      | 1582 ||| READING scroll labelled RUKIARCHOREMM.
  1583 | D:2      | 1583 ||| READING scroll labelled OTSIARR NABLA.
  1777 | D:3      | Found a sacrificial altar of Ru.
  1782 | D:3      | Noticed Ijyb
  1789 | D:3      | HP: 6/28 [Ijyb/+0 dagger (2)]
  1790 | D:3      | 1790 ||| READING scroll of teleportation.
  1790 | D:3      | Constricted to death by Ijyb

Levels and vault maps discovered:
D:1:      nzn_arrival_settlement, layout_basic, st_stairs_9,
          palyth_stone_intersect
D:2:      layout_loops_cross
D:3:      layout_rooms, mainiacjoe_overflow_boulevard,
          shapermc_ecumenical_altar_totnotflames, kennysheep_generic_room_5,
          uniq_ijyb

Skill      XL: |  1  2  3 |
---------------+----------+-----
Ranged Weapons | 5 |  5.3
Fighting       | 3 |  3.0
Dodging        | |  1.5
Stealth        | |  1.1

Action                     |  1- 3 |  4- 6 || total
---------------------------+-------+-------++-------
   Fire: Shortbow          |    71 |    45 ||   116
    Use: Scroll            |     5 |     5 ||    10
 Armour: Leather armour    |     5 |    18 ||    23
  Dodge: Dodged            |    10 |    17 ||    27

Table legend:
 A = Non-vault XP
 B = Vault XP
 C = Vault XP percentage of total XP
 D = Non-vault monster count
 E = Vault monster count
 F = Vault count percentage of total count
                 A         B        C        D         E       F
            +---------+---------+-------+---------+---------+-------
      Total |     105 |       4 |   3.7 |      44 |       2 |   4.3
            +---------+---------+-------+---------+---------+-------
        D:1 |      26 |       4 |  13.3 |      13 |       2 |  13.3
        D:2 |      52 |       0 |   0.0 |      17 |       0 |   0.0
        D:3 |      27 |       0 |   0.0 |      14 |       0 |   0.0
            +---------+---------+-------+---------+---------+-------
